 Dungeon Crawl Stone Soup version 0.17-a0-1446-gc28613e (webtiles) character file.

105 urechis the Insei (level 4, -8/34 HPs)
             Began as a Vampire Monk on June 28, 2015.
             Mangled by a gnoll
             ... wielding a cursed staff of energy
              (10 damage)
             ... on level 2 of the Dungeon.
             The game lasted 00:04:43 (2077 turns).

urechis the Insei (Vampire Monk)                    Turns: 2077, Time: 00:04:46

Health: -8/34      AC:  0    Str:  5    XL:     4   Next: 53%
Magic:  2/4        EV: 22    Int: 12    God:
Gold:   114        SH:  0    Dex: 22    Spells: 0 memorised, 3 levels left

rFire  . . .     SeeInvis +       - Unarmed
rCold  . . .     Clarity  .     (armour currently unavailable)
rNeg   + . .     SustAt   .     (shield currently unavailable)
rPois  .         Gourm    .     (helmet currently unavailable)
rElec  .         Spirit   .     (cloak currently unavailable)
rCorr  .         Warding  .     (gloves currently unavailable)
rMut   .         Stasis   .     (boots currently unavailable)
MR     .....                    (no amulet)
Stlth  ++++......               (ring currently unavailable)
                                (ring currently unavailable)

@: bat-form, flying, very quick, not resistant to hostile enchantments, stealthy
A: (fangs 0), see invisible, (unbreathing)
a: End Transformation


You were on level 2 of the Dungeon.
You were not thirsty.
You were in vampire-bat-form.
You visited 1 branch of the dungeon, and saw 3 of its levels.

You collected 114 gold pieces.

Inventory:

Armour
 a - a +0 robe (melded)
 f - a +2 cloak of poison resistance (melded)
 o - a +0 pair of gloves (melded)
Scrolls
 c - 2 scrolls of magic mapping {unknown}
 i - a scroll of noise {unknown}
 j - 2 scrolls of identify {unknown}
 m - a scroll of remove curse {unknown}
Potions
 b - 2 potions of brilliance {unknown}
 d - a potion of lignification {unknown}
 e - a potion of agility {unknown}
 g - 2 potions of might {unknown}
 h - a potion of beneficial mutation {unknown}
 k - a potion of invisibility {unknown}
 l - 2 potions of curing {unknown}
 n - a potion of degeneration {unknown}
 q - 14 potions of blood


   Skills:
 - Level 2.6 Fighting
 - Level 3.2 Dodging
 + Level 5.0 Stealth
 * Level 5.9 Unarmed Combat


You had 3 spell levels left.
You didn't know any spells.

Dungeon Overview and Level Annotations

Branches:
Dungeon (3/15)

Altars:
Xom
Zin


Innate Abilities, Weirdness & Mutations

((You have razor-sharp teeth.))
You have supernaturally acute eyesight.
((You can survive without breathing.))


Message History

Your Stealth skill increases to level 5!
The gnoll completely misses you. The goblin hits you with a dagger.
* * * LOW HITPOINT WARNING * * *
You hit the goblin but do no damage. The goblin barely misses you.
The gnoll misses you.
You hit the goblin.
The goblin is severely wounded.
The goblin hits you but does no damage. The gnoll completely misses you.
You hit the goblin.
You kill the goblin!
You barely miss the gnoll. Your bite misses the gnoll.
The gnoll hits you with a staff of energy.
* * * LOW HITPOINT WARNING * * *
Use which ability? (? or * to list)
You turn into a vampire bat.
Your +2 cloak of poison resistance melds into your body.
Your +0 pair of gloves melds into your body.
Your +0 robe melds into your body.
You no longer feel resistant to poison.
The gnoll hits you with a staff of energy!
You die...

#......... ####
#........### #...
#........#8###8
####
#.............. #
#.............. #
#............. #
#.....r# ###
######g#### ###..
#b)..# ###....
#)...# ##.รท....
#....# #..#....
#....# #.##....
#....# ##.##....
#....## #..#.....
#.....####......##
#.............####
#.....#####.#### #


You could see a gnoll and a rat.

Vanquished Creatures
  2 gnolls (D:2)
  3 adders
  An adder zombie (D:3)
  An adder skeleton (D:3)
  4 orcs (D:3)
  2 bats
  A bat skeleton (D:3)
  A giant cockroach (D:2)
  6 goblins
  6 hobgoblins
  3 kobolds
  A quokka (D:2)
  3 giant newts (D:1)
  7 jackals (D:3)
  8 rats
49 creatures vanquished.

Notes
Turn   | Place    | Note
--------------------------------------------------------------
     0 | D:1      | urechis the Vampire Monk began the quest for the Orb.
     0 | D:1      | Reached XP level 1. HP: 17/17 MP: 1/1
   337 | D:1      | Reached XP level 2. HP: 23/23 MP: 2/2
   657 | D:2      | Noticed an angel
   658 | D:2      | Found a glowing silver altar of Zin.
   737 | D:2      | Reached skill level 5 in Unarmed Combat
   777 | D:3      | Reached XP level 3. HP: 7/28 MP: 3/3
  1185 | D:3      | Found a shimmering altar of Xom.
  1186 | D:3      | Found a shimmering altar of Xom.
  1186 | D:3      | Found a shimmering altar of Xom.
  1187 | D:3      | Found a shimmering altar of Xom.
  1188 | D:3      | Found a shimmering altar of Xom.
  1188 | D:3      | Found a shimmering altar of Xom.
  1188 | D:3      | Found a shimmering altar of Xom.
  1298 | D:3      | Noticed an ice beast
  1876 | D:2      | Reached XP level 4. HP: 34/34 MP: 4/4
  2072 | D:2      | Reached skill level 5 in Stealth
  2077 | D:2      | Mangled by a gnoll

Vault maps used:
D:1:      lightli_arrival_statue_moat
D:2:      zin_angel, serial_corexii_hall, corexii_hall_statues_l,
          corexii_hall_statues_u
D:3:      xom_redecorated, serial_undead, serial_undead_f, serial_undead_c,
          serial_undead_c, serial_undead_e, minivault_5

Action                   |  1- 3 |  4- 6 || total
-------------------------+-------+-------++-------
Melee: Unarmed           |   112 |    38 ||   150
 Abil: Bat Form          |     1 |     1 ||     2
       End Transformatio |     1 |       ||     1
  Use: Potion            |     4 |       ||     4
 Stab: Sleeping          |    10 |     1 ||    11
       Distracted        |     2 |       ||     2
